 Dungeon Crawl Stone Soup version 0.31-a0-1074-g0b22e4e0f1 (webtiles) character file.

Game seed: 6520302502922191392

4630 Lobster4 the Thaumaturge (level 10, -10/56 HPs)
             Began as a Deep Elf Fire Elementalist on Dec 7, 2023.
             Was an Elder of Vehumet.
             Killed from afar by a gargoyle (22 damage)
             ... with a stone arrow
             ... on level 9 of the Dungeon.
             The game lasted 00:28:52 (10604 turns).

Lobster4 the Thaumaturge (DEFE)                    Turns: 10604, Time: 00:28:53

Health: -10/56     AC:  4    Str:  7    XL:     10   Next: 19%
Magic:  11/24      EV: 14    Int: 26    God:    Vehumet [****..]
Gold:   464        SH:  0    Dex: 18    Spells: 3/25 levels left

rFire   + + .        b - +0 sling
rCold   . . .        c - orb {mayhem}
rNeg    . . .        p - +0 robe of Etisede {rElec rF++ Int+3 Dex+3}
rPois   +            i - +1 helmet
rElec   +            (no cloak)
rCorr   .            (no gloves)
SInv    +            (no boots)
Will    +....        (no amulet)
Stlth   ++           l - ring of poison resistance
HPRegen 0.29/turn    K - ring of see invisible
MPRegen 0.19/turn

%: mayhem
@: about to teleport
A: no striking features
a: Renounce Religion


You were on level 9 of the Dungeon.
You worshipped Vehumet.
Vehumet was greatly pleased with you.
You visited 1 branch of the dungeon, and saw 9 of its levels.
You also visited: Sewer and Ossuary.

You collected 464 gold pieces.

Inventory:

Hand Weapons
 a - a +2 dagger of flaming
 b - a +0 sling (weapon)
 h - a +0 dagger of venom
 j - a +0 orcbow
 v - a +0 short sword
 B - a +0 shortbow of flaming
 C - a +3 dagger
Missiles
 o - 36 poisoned darts
 q - 4 atropa-tipped darts
 E - 5 curare-tipped darts
 G - a throwing net
Armour
 c - an orb of mayhem (worn)
 i - a +1 helmet (worn)
 p - the +0 robe of Etisede (worn) {rElec rF++ Int+3 Dex+3}
   (You found it on level 8 of the Dungeon)

   Int+3:     It affects your intelligence (+3).
   Dex+3:     It affects your dexterity (+3).
   rF++:      It greatly protects you from fire.
   rElec:     It insulates you from electricity.
 A - +0 steam dragon scales
Jewellery
 l - a ring of poison resistance (left hand)
 K - a ring of see invisible (right hand)
 L - a +6 ring of strength
Wands
 d - a wand of iceblast (16)
 u - a wand of polymorph (14)
 D - a wand of acid (4)
 F - a wand of paralysis (5)
 H - a wand of flame (10)
Scrolls
 r - 3 scrolls of teleportation
 y - a scroll of immolation
 I - a scroll of enchant weapon {unknown}
Potions
 e - 2 potions of brilliance
 f - 2 potions of mutation
 g - 7 potions of ambrosia
 k - 4 potions of enlightenment
 m - a potion of magic
 n - 2 potions of haste {unknown}
 s - a potion of resistance {unknown}
 t - 5 potions of heal wounds
 w - 2 potions of curing
 x - a potion of degeneration {unknown}
 z - a potion of attraction {unknown}


   Skills:
 - Level 3.0 Fighting
 - Level 1.0 Short Blades
 + Level 5.2 Ranged Weapons
 - Level 2.0 Throwing
 - Level 3.0 Armour
 + Level 5.0 Dodging
 - Level 3.0 Stealth
 + Level 8.4 Spellcasting
 + Level 6.4 Conjurations
 - Level 4.0 Hexes
 + Level 2.9 Translocations
 + Level 7.0 Fire Magic
 + Level 1.2 Ice Magic
 - Level 3.0 Air Magic
 - Level 3.0 Poison Magic
 - Level 3.0 Evocations


You had 3 spell levels left.
You knew the following spells:

 Your Spells              Type           Power      Damage    Failure   Level
a - Foxfire               Conj/Fire      100%       2x1d9     1%          1
b - Scorch                Fire           94%        2d8       1%          2
c - Magic Dart            Conj           100%       1d8       1%          1
d - Flame Wave            Conj/Fire      46%        2d12      1%          4
e - Inner Flame           Hex/Fire       39%        N/A       1%          3
f - Volatile Blastmotes   Fire/Tloc      74%        2d16      1%          3
g - Freezing Cloud        Conj/Ice/Air   14%        6-21      10%         5
m - Mephitic Cloud        Conj/Pois/Air  32%        N/A       1%          3

Your spell library contained the following spells:

 Spells                   Type           Power      Damage    Failure   Level
 Hailstorm                Conj/Ice       31%        3d8       1%          3
 Lesser Beckoning         Tloc           52%        N/A       2%          2
 Tukima's Dance           Hex            31%        N/A       3%          3
 Gell's Gravitas          Tloc           26%        N/A       4%          3
 Teleport Other           Tloc           26%        N/A       4%          3
 Fulminant Prism          Conj/Hex       19%        3d10      1%          4
 Iskenderun's Mystic Bla  Conj/Tloc      35%        2d8       2%          4
 Passage of Golubria      Tloc           26%        N/A       16%         4
 Yara's Violent Unravell  Hex/Tmut       10%        3d6       17%         5
 Summon Ice Beast         Ice/Summ       14%        N/A       38%         4
 Simulacrum               Ice/Necr       7%         N/A       100%        6


Dungeon Overview and Level Annotations

Branches:
Dungeon (9/15)             Temple (0/1) D:7           Sewer (visited)
Ossuary (visited)
   Lair: D:8-11         Orc: D:9-12

Altars:
Nemelex Xobeh
Ru
Vehumet

Shops:
D:4 (   D:6 (   D:8 ?

Annotations:
D:6 3 runed translucent doors, boiyoioing's ghost, novice GnCA


Message History

Casting: Scorch (safe; 1% risk of failure)
Confirm with . or Enter, or press ? or * to list all spells.
You conjure some foxfire!
The gargoyle hits you with a +0 flail!
Unknown command.
Casting: Foxfire (safe; 1% risk of failure)
Confirm with . or Enter, or press ? or * to list all spells.
Flames lash the gargoyle.
The gargoyle is moderately damaged.
The gargoyle's fire resistance burns away.
The foxfire hits the gargoyle but does no damage.
The gargoyle is moderately damaged.
The foxfire hits the gargoyle.
The gargoyle is moderately damaged.
The gargoyle barely misses you.
Unknown command.
Casting: Scorch (safe; 1% risk of failure)
Confirm with . or Enter, or press ? or * to list all spells.
You conjure some foxfire!
The gargoyle hits you with a +0 flail!
Unknown command.
Casting: Foxfire (safe; 1% risk of failure)
Confirm with . or Enter, or press ? or * to list all spells.
Flames lash the gargoyle but do no damage.
The foxfire hits the gargoyle but does no damage.
The gargoyle is moderately damaged.
The foxfire hits the gargoyle but does no damage.
The gargoyle is moderately damaged.
The gargoyle hits you with a +0 flail!
Unknown command.
As you read the scroll of teleportation, it crumbles to dust.
You feel strangely unstable.
The gargoyle hurls a stone arrow at you.
The stone arrow hits you.
* * * LOW HITPOINT WARNING * * *
Casting: Scorch (safe; 1% risk of failure)
Confirm with . or Enter, or press ? or * to list all spells.
Flames lash the gargoyle.
The gargoyle is burned terribly!
The gargoyle is almost destroyed.
The gargoyle hurls a stone arrow at you.
The stone arrow hits you!!
You die...

#.........# #.?.>.....#
#.........# #.........#
#.........# #.........#
#..[......#
##############..9......##########
............(...@................
..........................>......
.................................
.<†..............................
....[............................
.................................
.................................
##############.........##########
#.........#


You could see a gargoyle (combustible).

Vanquished Creatures
  Maurice (D:8)
  Jeremiah (D:8)
  A kobold demonologist (D:8)
  3 steam dragons
  Menkaure (D:7)
  3 water moccasins
  An orc warrior (D:9)
  2 sky beasts (D:6)
  2 ice beasts
  A black bear (D:6)
  4 centaurs
  3 elf zombies (Ossuary)
  4 kobold brigands
  2 bullfrogs
  3 scorpions
  A wight (D:8)
  4 killer bees (D:9)
  A howler monkey (D:8)
  A centaur zombie (Ossuary)
  A jelly (D:5)
  5 hounds
  5 orc priests
  3 sleepcaps
  Jessica (D:3)
  5 iguanas
  3 orc wizards
  A mummy (Ossuary)
  6 adders
  5 gnolls
  A river rat (D:4)
  2 shadow imps (D:6)
  3 white imps
  An adder zombie (Ossuary)
  2 dart slugs (D:2)
  3 worms
  31 orcs
  7 endoplasms
  2 giant cockroaches
  6 goblins
  9 hobgoblins
  3 jackals (Sewer)
  14 kobolds
  7 quokkas
  5 ball pythons
  2 bats (D:2)
  2 frilled lizards
  2 goblin zombies (Ossuary)
  8 hobgoblin zombies (Ossuary)
  A jackal zombie (Ossuary)
  9 kobold zombies (Ossuary)
  12 orc zombies (Ossuary)
  9 rats
215 creatures vanquished.

Vanquished Creatures (collateral kills)
  A killer bee (D:8)
  An orc (D:9)
  A foxfire (Ossuary)
3 creatures vanquished.

Vanquished Creatures (others)
  An orc wizard (D:8)
  A mummy (Ossuary)
  766 foxfires
768 creatures vanquished.

Grand Total: 986 creatures vanquished

Notes
Turn   | Place    | Note
-------+----------+-------------------------------------------
     0 | D:1      | Lobster4 the Deep Elf Fire Elementalist began the quest for
                  | the Orb.
     0 | D:1      | Reached XP level 1. HP: 10/10 MP: 6/6
   121 | D:1      | Reached XP level 2. HP: 15/15 MP: 1/8
   200 | D:1      | Learned a level 2 spell: Scorch
   915 | D:1      | Reached XP level 3. HP: 19/19 MP: 5/9
  2158 | D:3      | Noticed Jessica
  2169 | D:3      | Killed Jessica
  2170 | D:3      | Reached skill level 1 in Ranged Weapons
  2170 | D:3      | Reached XP level 4. HP: 24/24 MP: 4/11
  2238 | D:3      | Found a radiant altar of Vehumet.
  2246 | D:3      | Became a worshipper of Vehumet
  2463 | D:3      | Found a sacrificial altar of Ru.
  2582 | D:3      | Found a faded altar of an unknown god.
  2851 | D:4      | Reached skill level 1 in Fighting
  2851 | D:4      | Reached skill level 1 in Short Blades
  2851 | D:4      | Reached skill level 4 in Spellcasting
  2929 | D:4      | Found a glowing drain.
  2936 | Sewer    | Entered a sewer
  3032 | Sewer    | Noticed a kobold brigand
  3057 | Sewer    | Killed a kobold brigand
  3058 | Sewer    | Reached XP level 5. HP: 29/29 MP: 6/13
  3199 | Sewer    | Found a white marble altar of Elyvilon.
  3344 | D:4      | Reached * piety under Vehumet
  3344 | D:4      | Offered knowledge of Magic Dart by Vehumet.
  3354 | D:4      | Learned a level 1 spell: Magic Dart
  3359 | D:4      | Learned a level 4 spell: Flame Wave
  3582 | D:4      | Reached skill level 1 in Throwing
  3582 | D:4      | Reached XP level 6. HP: 34/34 MP: 9/15
  3658 | D:4      | Reached skill level 5 in Spellcasting
  4139 | D:4      | Found Teametz's Weapon Emporium.
  4738 | D:5      | Entered Level 5 of the Dungeon
  4899 | D:5      | Reached XP level 7. HP: 38/38 MP: 10/17
  5004 | D:5      | Reached ** piety under Vehumet
  5004 | D:5      | Offered knowledge of Shock by Vehumet.
  5005 | D:5      | Reached skill level 5 in Fire Magic
  5098 | D:5      | Reached skill level 6 in Spellcasting
  5659 | D:5      | Reached skill level 1 in Evocations
  5708 | D:5      | Learned a level 3 spell: Inner Flame
  6034 | D:6      | Found Qouhiste's Hydra Hut.
  6040 | D:6      | Noticed a seven-headed hydra
  6066 | D:6      | Reached skill level 1 in Armour
  6124 | D:6      | Noticed a steam dragon
  6144 | D:6      | Killed a steam dragon
  6145 | D:6      | Reached skill level 5 in Conjurations
  6145 | D:6      | Reached skill level 1 in Hexes
  6145 | D:6      | Reached XP level 8. HP: 21/43 MP: 11/20
  6382 | D:6      | Offered knowledge of Mephitic Cloud by Vehumet.
  6387 | D:6      | Learned a level 3 spell: Mephitic Cloud
  6504 | D:6      | Reached skill level 7 in Spellcasting
  6673 | D:6      | Reached skill level 1 in Poison Magic
  6741 | D:6      | Found a runed translucent gate.
  6741 | D:6      | Found a runed translucent gate.
  6741 | D:6      | Noticed boiyoioing's ghost (novice GnCA)
  6742 | D:6      | Found a runed translucent gate.
  6844 | D:6      | Reached skill level 1 in Air Magic
  7304 | D:6      | Reached *** piety under Vehumet
  7367 | D:6      | Found a sparkling altar of Nemelex Xobeh.
  7623 | D:7      | Noticed Menkaure
  7625 | D:7      | Killed Menkaure
  7708 | D:7      | Learned a level 3 spell: Volatile Blastmotes
  7751 | D:7      | Found a staircase to the Ecumenical Temple.
  7758 | D:7      | Reached XP level 9. HP: 48/48 MP: 19/22
  7765 | D:7      | Offered knowledge of Dazzling Flash by Vehumet.
  8091 | D:7      | Identified the +0 leather armour "Hiolo" {rF+}
  8444 | D:8      | Noticed Jeremiah
  8468 | D:8      | Killed Jeremiah
  8469 | D:8      | Reached skill level 1 in Translocations
  8550 | D:8      | Noticed Maurice
  8554 | D:8      | Found a sand-covered staircase.
  8608 | Ossuary  | Entered an ossuary
  8832 | Ossuary  | Reached **** piety under Vehumet
  8878 | Ossuary  | Offered knowledge of Freezing Cloud by Vehumet.
  9261 | D:8      | Killed Maurice
  9382 | D:8      | Identified the +0 robe of Etisede {rElec rF++ Int+3 Dex+3}
  9434 | D:8      | Found Muevu's Magic Scroll Shop.
  9490 | D:8      | Noticed a kobold demonologist
  9493 | D:8      | Reached skill level 8 in Spellcasting
  9590 | D:8      | Reached skill level 5 in Dodging
  9887 | D:8      | Reached XP level 10. HP: 55/55 MP: 21/24
  9895 | D:8      | Learned a level 5 spell: Freezing Cloud
 10011 | D:8      | Noticed a rust devil
 10168 | D:8      | Reached skill level 5 in Ranged Weapons
 10348 | D:9      | Identified the +3 ring mail "Gitoeni" {*Slow rPois Str+5}
 10398 | D:9      | Reached skill level 1 in Ice Magic
 10402 | D:9      | Noticed a gargoyle
 10604 | D:9      | Killed from afar by a gargoyle

Illustrated notes

Levels and vault maps discovered:
D:1:      lightli_arrival_quake, layout_basic
D:2:      layout_loops_ring, chequers_serial_rivers_micro_c,
          kennysheep_generic_room_11
D:3:      layout_loops_ring, nicolae_ru_the_path_less_chosen, vehumet_crystals,
          shapermc_ecumenical_altar_mp_highgroup, uniq_jessica
D:4:      nicolae_cairo_tiling_large_dashed, layout_basic,
          gup_sewer_entry_bubbles, serial_shops, shop, corexii_leaking_fountain
D:5:      layout_basic
D:6:      layout_basic, nemelex_diamond_rough_becter, ebering_ghost_rock_garden,
          doesnt_shop_hydraphobe
D:7:      layout_basic, minmay_temple_entry_ruins, grunt_decor_mini_mirrors,
          dreamdust_mushroom_princess, uniq_menkaure
D:8:      cheibrodos_barr_body, layout_cave_pools,
          mainiacjoe_ossuary_entry_dusty_tomb, serial_shops,
          nicolae_take_the_stairs, chequers_garden, uniq_maurice, uniq_jeremiah
D:9:      layout_cross

Skill      XL: |  1  2  3  4  5  6  7  8  9 10 |
---------------+-------------------------------+-----
Stealth        | 3 |  3.0
Dodging        | 3 4 5 |  5.0
Conjurations   | 2 3 5 6 |  6.4
Ranged Weapons | 1 2 3 4 5 |  5.2
Fighting       | 1 2 3 |  3.0
Short Blades   | 1 |  1.0
Spellcasting   | 4 5 6 7 8 |  8.4
Fire Magic     | 4 5 6 7 |  7.0
Throwing       | 1 2 |  2.0
Evocations     | 1 2 3 |  3.0
Armour         | 1 2 3 |  3.0
Hexes          | 1 2 4 |  4.0
Poison Magic   | 1 3 |  3.0
Air Magic      | 1 2 3 |  3.0
Translocations | 2 |  2.9
Ice Magic      | 1 |  1.2

Action                     |  1- 3 |  4- 6 |  7- 9 | 10-12 || total
---------------------------+-------+-------+-------+-------++-------
   Fire: Sling             |    16 |    11 |     1 |       ||    28
  Throw: Dart              |       |       |     7 |     2 ||     9
   Cast: Foxfire           |    73 |    99 |   257 |    33 ||   462
         Scorch            |     9 |    30 |    66 |    15 ||   120
         Magic Dart        |       |       |     5 |       ||     5
         Flame Wave        |       |       |     1 |     1 ||     2
  Evoke: Wand              |       |       |     1 |       ||     1
    Use: Scroll            |       |     7 |     7 |     3 ||    17
         Potion            |       |       |     1 |       ||     1
 Armour: Robe              |       |    18 |    17 |     7 ||    42
         Steam dragon scal |       |       |    48 |       ||    48
  Dodge: Dodged            |     6 |    15 |    67 |     5 ||    93

Table legend: (Time is in decaauts)
 A = Elapsed time spent in this place.
 B = Non-inter-level travel time spent in this place.
 C = Inter-level travel time spent in this place.
 D = Time resting spent in this place.
 E = Time spent auto-exploring this place.
 F = Levels seen in this place.
 G = Mean time per level.
                   A        B        C        D        E       F      G
               +--------+--------+--------+--------+--------+-----+--------+
         Total |  10674 |  10159 |    515 |   1304 |   6885 |  11 |  970.4 |
       Dungeon |   9634 |   9119 |    515 |   1143 |   6441 |   9 | 1070.4 |
         Sewer |    404 |    404 |      0 |    153 |    160 |   1 |  404.0 |
       Ossuary |    636 |    636 |      0 |      8 |    284 |   1 |  636.0 |
               +--------+--------+--------+--------+--------+-----+--------+

Top non-repeatable levels by time:
     D:6: 1675 daAuts
     D:4: 1619 daAuts
     D:8: 1210 daAuts
     D:3: 1121 daAuts
     D:1: 1051 daAuts
     D:5: 1039 daAuts
     D:7: 857 daAuts
     D:2: 769 daAuts
 Ossuary: 636 daAuts
   Sewer: 404 daAuts
     D:9: 290 daAuts
